 Dungeon Crawl Stone Soup version 0.21.0-3-g78d12a8 (webtiles) character file.

130 Inarius the Chiller (level 4, 0/34 HPs)
             Began as a Draconian Ice Elementalist on Jan 9, 2018.
             Slain by Terence
             ... wielding a +2 trident of freezing
              (1 damage)
             ... on level 3 of the Dungeon.
             The game lasted 00:06:55 (4105 turns).

Inarius the Chiller (Draconian Ice Elementalist)    Turns: 4105, Time: 00:06:56

Health: 0/34       AC:  5    Str: 10    XL:     4   Next: 89%
Magic:  1/8        EV: 12    Int: 17    God:
Gold:   206        SH:  0    Dex: 11    Spells: 7/8 levels left

rFire    . . .     SeeInvis .   l - +1 dagger (speed)
rCold    . . .     Gourm    .   (no shield)
rNeg     . . .     Faith    .   (armour unavailable)
rPois    .         Spirit   .   (helmet restricted)
rElec    .         Reflect  .   (no cloak)
rCorr    .         Harm     .   (no gloves)
MR       .....                  (no boots)
Stlth    +.........             (no amulet)
HPRegen  0.11/turn              (no ring)
MPRegen  0.11/turn              (no ring)

@: very slightly contaminated, slowed, drained, very slow
A: unfitting armour, cold-blooded, AC +5
a: no special abilities


You were on level 3 of the Dungeon.
You were not hungry.

You visited 1 branch of the dungeon, and saw 3 of its levels.

You collected 206 gold pieces.

Inventory:

Hand Weapons
 l - a +1 dagger of speed (weapon)
Scrolls
 c - a scroll of enchant weapon {unknown}
 e - 2 scrolls of remove curse {unknown}
 g - a scroll of random uselessness {unknown}
 i - a scroll of immolation {unknown}
 j - a scroll of teleportation {unknown}
 n - a scroll of identify {unknown}
 o - a scroll of amnesia {unknown}
 p - a scroll of blinking {unknown}
Potions
 d - a potion of mutation {unknown}
 f - a potion of degeneration {unknown}
 h - 2 potions of resistance {unknown}
 k - a potion of might
Books
 a - a book of Frost

   Spells                             Type                      Level
   a - Freeze                         Ice                          1
   b - Throw Frost                    Conjuration/Ice              2
   c - Ozocubu's Armour               Charms/Ice                   3
   d - Throw Icicle                   Conjuration/Ice              4
   e - Summon Ice Beast               Ice/Summoning                4
Comestibles
 b - 8 rations


   Skills:
 + Level 0.5(0.0) Fighting
 + Level 2.0(1.2) Dodging
 - Level 1.7(1.0) Stealth
 + Level 2.7(1.9) Spellcasting
   Level 1.0(0.2) Conjurations
 * Level 5.0(4.2) Ice Magic


You had 7 spell levels left.
You knew the following spells:

 Your Spells              Type           Power        Failure   Level  Hunger
a - Freeze                Ice            ###.         3%          1    #......


Dungeon Overview and Level Annotations

Branches:
Dungeon (3/15)

Altars:

Annotations:
D:3 Terence


Innate Abilities, Weirdness & Mutations

Your plain brown scales are hard. (AC +5)
You cannot fit into any form of body armour.
You are cold-blooded and may be slowed by cold attacks.


Message History

Press: ? - help, Shift-Dir - straight line, f/p - Terence
Aim: Terence, wielding a trident of freezing, wearing a glowing scale mail and carrying a wand of digging (6) (moderately wounded)
You miscast Freeze.
Nothing appears to happen.
Terence hits you with a trident of freezing.
Terence freezes you.
Casting: Freeze
Confirm with . or Enter, or press ? or * to list all spells.
Aiming: Freeze
Press: ? - help, Shift-Dir - straight line, f/p - Terence
Aim: Terence, wielding a trident of freezing, wearing a glowing scale mail and carrying a wand of digging (6) (moderately wounded)
You freeze Terence.
Terence resists.
Terence is heavily wounded.
Terence hits you with a trident of freezing.
* * * LOW HITPOINT WARNING * * *
Terence freezes you.
* * * LOW HITPOINT WARNING * * *
Terence hits you from afar with a trident of freezing.
* * * LOW HITPOINT WARNING * * *
You feel yourself slow down. Terence freezes you.
You die...

#......# #...##............ #
#......# ##...########...⌠. #
#......# #...## ##.... #
#......# ##...# #.... #
#......# #...# ##... #
######## ##..# #.## #####
#..># ##.# ....#
####.##########..# ###.#
####### #.@..# #........##
#.###.....###<#..###.......##
#.##....#.#.#@.............#
#.....#.#.#...#..##........#
####..#.#.#.###..##........#
#..#....................#
#.####.#.###..###.......#
######......#..###.#
#.......# ##...#########.#
### #########


You could see Terence.

Vanquished Creatures
  An orc wizard (D:3)
  3 adders (D:3)
  3 worms
  A dart slug (D:3)
  A leopard gecko (D:2)
  6 orcs (D:3)
  A ball python (D:2)
  5 giant cockroaches
  6 goblins
  5 hobgoblins
  3 jackals (D:3)
  A quokka (D:3)
  7 bats
  5 frilled lizards
  6 kobolds
  4 rats
58 creatures vanquished.

Notes
Turn   | Place    | Note
-------+----------+-------------------------------------------
     0 | D:1      | Inarius the Draconian Ice Elementalist began the quest for the Orb.
     0 | D:1      | Reached XP level 1. HP: 14/14 MP: 3/3
   736 | D:1      | Reached XP level 2. HP: 20/20 MP: 5/5
  1703 | D:2      | Reached skill level 4 in Ice Magic
  1724 | D:2      | Noticed Terence
  1732 | D:2      | Reached XP level 3. HP: 26/26 MP: 4/6
  3036 | D:3      | Reached XP level 4. HP: 28/34 MP: 0/7
  3790 | D:3      | Reached skill level 5 in Ice Magic
  4105 | D:3      | HP: 1/34 [Terence/trident of freezing (4)]
  4105 | D:3      | Slain by Terence

Skill      XL: |  1  2  3  4 |
---------------+-------------+-----
Ice Magic      | 4 5 |  5.0
Dodging        | 2 |  2.0
Fighting       | |  0.5
Stealth        | |  1.7
Spellcasting   | |  2.7
Conjurations   | |  1.0

Action                   |  1- 3 |  4- 6 || total
-------------------------+-------+-------++-------
Melee: Unarmed           |    12 |       ||    12
       Mace              |    35 |       ||    35
       Tailslap          |    11 |     4 ||    15
       Dagger            |    49 |    37 ||    86
 Cast: Freeze            |    49 |    34 ||    83
 Stab: Sleeping          |     2 |     2 ||     4
  Eat: Chunk             |     8 |     4 ||    12
Armor: Skin              |    36 |    12 ||    48
Dodge: Dodged            |    75 |    40 ||   115
